 Dungeon Crawl Stone Soup version 0.29-a0-847-g24c0ca63c9 (webtiles) character file.

Game seed: 3738603981891742295

3 Garessta the Prestidigitator (level 1, -3/13 HPs)
             Began as a Gnoll Wanderer on July 16, 2022.
             Slain by a gnoll
             ... wielding a +0 spear
              (4 damage)
             ... on level 1 of the Dungeon.
             The game lasted 00:00:48 (224 turns).

Garessta the Prestidigitator (Gnoll Wanderer)        Turns: 224, Time: 00:00:49

Health: -3/13      AC:  2    Str:  9    XL:     1   Next: 50%
Magic:  2/2        EV: 12    Int:  9    God:
Gold:   25         SH:  0    Dex: 15    Spells: 0/0 levels left

rFire   . . .      SeeInvis .   a - +2 quarterstaff
rCold   . . .      Faith    .   (shield currently unavailable)
rNeg    . . .      Spirit   .   e - +0 robe
rPois   .          Reflect  .   (no helmet)
rElec   .          Harm     .   (no cloak)
rCorr   .          Rampage  .   (no gloves)
Will    .....                   (no boots)
Stlth   +.........              (no amulet)
HPRegen 0.04/turn               (no ring)
MPRegen 0.08/turn               (no ring)

@: no status effects
A: fangs 1, strong nose, distributed training
a: no special abilities


You were on level 1 of the Dungeon.
You visited 1 branch of the dungeon, and saw 1 of its levels.

You collected 25 gold pieces.

Inventory:

Hand Weapons
 a - a +2 quarterstaff (weapon)
 b - a +0 short sword
Armour
 e - a +0 robe (worn)
Wands
 c - a wand of polymorph (6) (quivered)
Scrolls
 d - a scroll of fear
Potions
 f - a potion of flight {unknown}


   Skills:
 + Level 0.0 Fighting
 + Level 4.4 Short Blades
 + Level 0.0 Long Blades
 + Level 0.0 Axes
 + Level 0.0 Maces & Flails
 + Level 0.0 Polearms
 + Level 4.4 Staves
 + Level 0.0 Ranged Weapons
 + Level 0.0 Throwing
 + Level 0.0 Armour
 + Level 2.3 Dodging
 + Level 0.0 Stealth
 + Level 0.0 Shields
 + Level 0.0 Unarmed Combat
 + Level 0.0 Spellcasting
 + Level 0.0 Conjurations
 + Level 0.0 Hexes
 + Level 0.0 Summonings
 + Level 0.0 Necromancy
 + Level 0.0 Translocations
 + Level 0.0 Transmutations
 + Level 0.0 Fire Magic
 + Level 0.0 Ice Magic
 + Level 0.0 Air Magic
 + Level 0.0 Earth Magic
 + Level 0.0 Poison Magic
 + Level 2.4 Invocations
 + Level 8.4 Evocations


You couldn't memorise any spells.
You didn't know any spells.
Your spell library was empty.

Dungeon Overview and Level Annotations

Branches:
Dungeon (1/15)

Altars:


Innate Abilities, Weirdness & Mutations

You have very sharp teeth.
Your uncanny sense of smell can sniff out nearby items.
Your experience applies equally to all skills.


Message History

The bat barely misses you. The bat barely misses you.
You barely miss the bat. The bat hits you but does no damage.
The bat barely misses you.
You hit the bat but do no damage. The bat misses you. The bat hits you.
The bat barely misses you. The bat closely misses you.
You closely miss the bat. The bat hits you but does no damage.
You closely miss the bat. Your bite misses the bat. The bat misses you.
You barely miss the bat. The bat barely misses you.
The bat hits you but does no damage. The bat closely misses you.
You sock the bat!
You kill the bat!
No target in view!
HP restored.
You now have 25 gold pieces (gained 11).
You see here a staff of conjuration.
Your library has no spells.
b - a +0 short sword (weapon)
You open the door.
There is an open door here.
You open the door.
A gnoll comes into view. It is wielding a +0 spear.
There is an open door here.
The gnoll shouts!
a - a +2 quarterstaff (weapon)
The gnoll barely misses you. The gnoll hits you with a +0 spear!
Ouch! That really hurt!
You are too injured to fight recklessly!
You are too injured to fight recklessly!
You are too injured to fight recklessly!
You thump the gnoll!
The gnoll is heavily wounded.
The gnoll hits you with a +0 spear.
* * * LOW HITPOINT WARNING * * *
You barely miss the gnoll.
The gnoll is heavily wounded.
The gnoll hits you with a +0 spear.
You die...

#..............#
#...........##.#
#....|......# .#
#...........# #
#...........#
#######'#####
∆###
#.....######....
#
#.....#.........
#
#.....'.@g......
####
#....##.........
...#
#....##.........
#.##
#....##........^
..#
################
#.## ...# #### #


You could see a gnoll.

Vanquished Creatures
  2 bats (D:1)
  A frilled lizard (D:1)
  A rat (D:1)
4 creatures vanquished.

Notes
Turn   | Place    | Note
-------+----------+-------------------------------------------
     0 | D:1      | Garessta the Gnoll Wanderer began the quest for the Orb.
     0 | D:1      | Garessta set off with the following items: a +2
                  | quarterstaff, a +0 short sword, a wand of polymorph (6), a
                  | scroll of fear, a +0 robe.
     0 | D:1      | Reached XP level 1. HP: 13/13 MP: 2/2
   224 | D:1      | Slain by a gnoll

Illustrated notes

Levels and vault maps discovered:
D:1:      roderic_chinese_lattice_arrival, layout_basic,
          chequers_ecumenical_altar_simple_redux

Action                   || total
-------------------------++-------
Melee: Quarterstaff      ||     9
       Short sword       ||     3
 Stab: Sleeping          ||     1
Armor: Robe              ||     3
Dodge: Dodged            ||    12

Table legend: (Time is in decaauts)
 A = Elapsed time spent in this place.
 B = Non-inter-level travel time spent in this place.
 C = Inter-level travel time spent in this place.
 D = Time resting spent in this place.
 E = Time spent auto-exploring this place.
 F = Levels seen in this place.
 G = Mean time per level.
                   A        B        C        D        E       F      G
               +--------+--------+--------+--------+--------+-----+--------+
         Total |    222 |    222 |      0 |      0 |    188 |   1 |  222.0 |
       Dungeon |    222 |    222 |      0 |      0 |    188 |   1 |  222.0 |
               +--------+--------+--------+--------+--------+-----+--------+

Top non-repeatable levels by time:
     D:1: 222 daAuts
